Map: Ephemeron LE

Players

Zarutheus

  • Race: Zerg Zerg
  • League: Platinum
  • Spawn Location: 5:00

ViBE - Winner!

  • Race: Zerg Zerg
  • League: Platinum
  • Spawn Location: 11:00

VOD

Have the link to the VOD?

Description

Time

  • Played on: Dec. 12, 2019, 9:10 p.m.
  • Length: 9:22
Show
View Real Time Build Order
Export as new Build Order

Zarutheus Zerg 

Build Orders: Hatch First, Lurkers 

Get SALT Encoding   

  12  0:01  Drone  
  13  0:09  Drone  
  14  0:34  Hatchery  
  13  0:50  Spawning Pool  
  12  0:58  Overlord  
  12  1:03  Drone  
  13  1:07  Drone  
  14  1:12  Extractor  
  14  1:15  Drone  
  14  1:21  Drone  
  15  1:31  Drone  
  16  1:39  Queen  
  18  1:43  Drone  
  19  1:52  Drone  
  20  2:02  Drone x2  
  22  2:09  Queen  
  22  2:13  Zergling x2  
  25  2:20  Metabolic Boost  
  25  2:29  Overlord  
  25  2:42  Drone x3  
  28  2:53  Zergling x2  
  28  2:56  Zergling x2  
  28  2:57  Drone x4  
  34  3:15  Lair  
  34  3:17  Drone x2  
  34  3:18  Overlord  
  36  3:36  Baneling Nest  
  36  3:40  Extractor, Drone x3  
  36  3:41  Drone  
  38  3:49  Queen, Overlord  
  38  3:50  Overlord  
  40  3:59  Overlord  
  40  4:00  Zergling x2  
  40  4:01  Zergling x2  
  43  4:02  Drone  
  43  4:03  Drone  
  43  4:17  Roach Warren  
  43  4:20  Hydralisk Den, Drone x4  
  45  4:24  Overseer  
  45  4:29  Zergling x4  
  47  4:39  Zergling x4  
  47  4:40  Overlord  
  47  4:41  Drone x4  
  54  5:00  Zergling x8  
  57  5:07  Roach x3  
  63  5:14  Spine Crawler, Extractor  
  63  5:15  Overseer x2  
  63  5:17  Extractor  
  60  5:22  Grooved Spines  
  60  5:23  Overlord  
  60  5:24  Drone x5  
  65  5:40  Overlord x2  
  65  5:42  Roach x4  
  73  5:49  Hydralisk  
  74  6:11  Hydralisk, Overlord x2  
  74  6:12  Hydralisk x3  
  84  6:32  Roach  
  84  6:33  Roach x3  
  84  6:35  Hydralisk  
  93  6:54  Zergling x10  
  93  6:55  Hatchery  
  93  7:01  Muscular Augments  
  96  7:03  Overlord  
  96  7:04  Evolution Chamber  
  95  7:14  Overseer  
  95  7:23  Zergling x2  
  95  7:24  Zergling x10  
  95  7:26  Lurker Den  
  100  7:32  Drone x4  
  100  7:36  Overlord  
  96  8:04  Zergling x2  
  96  8:05  Zergling x10  
  100  8:10  Zergling x2  
  101  8:14  Queen  
  99  8:34  Hydralisk  
  99  8:35  Hydralisk x6  
  99  8:37  Zergling x2  
  106  8:56  Hydralisk x3  
  106  9:01  Lurker x2  
  106  9:02  Lurker x4  
  112  9:04  Overseer  
Show
View Real Time Build Order
Export as new Build Order

ViBE Zerg - Winner!

Build Orders: Hatch First, Roach Hydra 

Get SALT Encoding   

  12  0:00  Drone  
  13  0:13  Overlord  
  13  0:19  Drone  
  14  0:31  Drone x2  
  16  0:50  Hatchery  
  16  0:55  Drone  
  16  1:02  Drone  
  17  1:08  Drone  
  18  1:17  Spawning Pool  
  17  1:20  Drone  
  17  1:24  Drone  
  19  1:29  Drone  
  20  1:32  Extractor  
  19  1:45  Drone  
  20  1:57  Overlord  
  20  2:02  Drone x2  
  20  2:04  Queen x2  
  26  2:13  Zergling x4  
  28  2:22  Drone  
  29  2:29  Drone  
  30  2:40  Drone x2  
  30  2:41  Lair, Queen  
  34  2:47  Overlord  
  35  2:51  Drone  
  35  2:57  Drone  
  36  3:07  Overlord  
  36  3:08  Roach Warren  
  36  3:11  Drone  
  36  3:12  Drone  
  36  3:13  Evolution Chamber  
  35  3:21  Drone x5  
  40  3:27  Drone x2  
  40  3:28  Drone  
  43  3:35  Drone  
  43  3:38  Overlord  
  43  3:39  Extractor x2  
  43  3:41  Zerg Missile Weapons Level 1  
  42  3:49  Glial Reconstitution  
  42  3:50  Evolution Chamber  
  42  3:52  Drone x2  
  42  3:55  Drone x2  
  45  3:56  Drone  
  45  3:59  Drone  
  45  4:00  Drone  
  45  4:02  Drone  
  49  4:08  Overlord  
  49  4:12  Roach  
  49  4:13  Roach  
  53  4:30  Overseer  
  53  4:35  Roach x5  
  53  4:37  Roach  
  64  4:43  Drone  
  64  4:57  Hatchery  
  64  4:59  Overlord x2  
  63  5:00  Overlord  
  63  5:13  Overlord x2  
  63  5:18  Roach x7  
  77  5:38  Drone x8  
  85  5:44  Drone x2  
  85  5:45  Hydralisk Den, Extractor  
  85  5:52  Zerg Missile Weapons Level 2  
  85  5:53  Zerg Ground Armor Level 1  
  85  5:54  Drone  
  86  5:58  Drone  
  86  6:01  Drone  
  86  6:03  Drone  
  86  6:04  Drone x4  
  93  6:19  Drone x5  
  98  6:26  Extractor  
  98  6:27  Extractor  
  98  6:29  Grooved Spines  
  98  6:31  Drone x2  
  98  6:32  Lurker Den  
  97  6:37  Drone x7  
  104  6:40  Infestation Pit  
  103  6:58  Hatchery  
  102  7:13  Overlord x5  
  102  7:14  Overlord x2  
  102  7:17  Hive  
  102  7:18  Hydralisk  
  104  7:24  Overlord  
  104  7:25  Overlord  
  104  7:32  Hydralisk x9  
  122  7:38  Hydralisk x3  
  122  7:40  Hydralisk, Muscular Augments  
  130  7:51  Queen  
  130  7:58  Roach x9  
  146  8:10  Roach x6  
  158  8:16  Roach x2  
  162  8:26  Roach x4  
  170  8:30  Roach x2  
  174  8:36  Roach x4  
  174  8:39  Queen  
  182  8:46  Overlord  
  182  8:47  Overlord x2  
  182  9:03  Extractor  
  182  9:04  Extractor  
Tags
 
Matchup
ZvZ
Race
Zerg
Replay Pack
Zerg
Spawn Locations
Cross Positions
Add a new tag
Caveats
  • Supply blocks, unpowered buildings, or Contaminate may cause inaccurate times.
  • Supply counts are checked every 10 seconds.